 Dungeon Crawl Stone Soup version 0.26.1-11-gd32895ea62 (webtiles) character file.

Game seed: 14579171119507090549

88 Exodus22XD the Chopper (level 4, -1/34 HPs)
             Began as a Demonspawn Gladiator on June 6, 2021.
             Slain by Grinder (8 damage)
             ... while paralysed by Grinder
             ... on level 3 of the Dungeon.
             The game lasted 00:01:22 (2191 turns).

Exodus22XD the Chopper (Demonspawn Gladiator)       Turns: 2191, Time: 00:01:23

Health: -1/34      AC:  7    Str: 15    XL:     4   Next: 29%
Magic:  0/4        EV:  2    Int: 10    God:
Gold:   94         SH:  0    Dex: 14    Spells: 3/3 levels left

rFire    . . .     SeeInvis .   a - +0 war axe
rCold    . . .     Faith    .   (no shield)
rNeg     . . .     Spirit   +   r - +0 scale mail
rPois    .         Reflect  .   c - +0 helmet
rElec    .         Harm     .   (no cloak)
rCorr    .         Rampage  .   (no gloves)
Will     .....                  (no boots)
Stlth    ..........             f - amulet of guardian spirit
HPRegen  0.11/turn              (no ring)
MPRegen  0.09/turn              (no ring)

@: paralysed
A: spiny 1, miasma immunity
a: no special abilities


You were on level 3 of the Dungeon.
You visited 1 branch of the dungeon, and saw 3 of its levels.

You collected 94 gold pieces.

Inventory:

Hand Weapons
 a - a +0 war axe (weapon)
Missiles
 d - 3 throwing nets (quivered)
Armour
 c - a +0 helmet (worn)
 r - a +0 scale mail (worn)
Jewellery
 f - an amulet of guardian spirit (around neck)
Scrolls
 e - 4 scrolls of remove curse
 h - a scroll of magic mapping {unknown}
 i - 3 scrolls of identify {unknown}
 l - 2 scrolls of teleportation
 p - a scroll of amnesia {unknown}
Potions
 j - 2 potions of curing {unknown}
 k - a potion of haste {unknown}
 m - a potion of invisibility {unknown}
 n - a potion of attraction {unknown}
 o - a potion of mutation {unknown}
 q - a potion of might {unknown}


   Skills:
 + Level 2.3 Fighting
 + Level 3.5 Axes
 - Level 1.7 Throwing
 * Level 1.5 Armour
 + Level 3.3 Dodging


You had 3 spell levels left.
You didn't know any spells.
Your spell library was empty.

Dungeon Overview and Level Annotations

Branches:
Dungeon (3/15)

Altars:

Annotations:
D:3 Grinder


Innate Abilities, Weirdness & Mutations

You are partially covered in sharp spines.
You are immune to miasma.


Message History

Grinder is lightly wounded.
Grinder is struck by your spines. Grinder hits you.
Grinder is nearby!
You hit Grinder but do no damage.
Grinder is lightly wounded.
Grinder gestures at you.
You suddenly lose the ability to move!
A hobgoblin comes into view.
The hobgoblin shouts!
Grinder hits you but does no damage.
The hobgoblin throws a stone.
The stone hits you but does no damage. Grinder hits you but does no damage.
Grinder hits you.
You writhe in agony.
The hobgoblin throws a stone.
The stone hits you but does no damage. Grinder is struck by your spines.
Grinder hits you.
* * * LOW HITPOINT WARNING * * *
The hobgoblin throws a stone.
The stone hits you.
* * * LOW HITPOINT WARNING * * *
Grinder is struck by your spines. Grinder hits you!
You die...

#.....#.####
#.....#.##..
#..#..#.##'#
#.....#.....
##.##[#..... #....#..)).
##############....#.....
................#.#.##.#
#######@###########.##.#
.......5.....g. .>.#)#
#######..###... ..#. ..
#... ... ## #.#.# #?#.#
#.#.# #.#..


You could see Grinder and a hobgoblin.

Vanquished Creatures
  4 adders
  2 worms (D:2)
  A dart slug (D:1)
  A leopard gecko (D:3)
  An orc (D:3)
  3 ball pythons
  2 bats (D:1)
  3 giant cockroaches
  5 goblins
  3 hobgoblins
  7 jackals
  3 kobolds
  3 frilled lizards (D:2)
  3 rats
41 creatures vanquished.

Notes
Turn   | Place    | Note
-------+----------+-------------------------------------------
     0 | D:1      | Exodus22XD the Demonspawn Gladiator began the quest for the
                  | Orb.
     0 | D:1      | Reached XP level 1. HP: 16/16 MP: 1/1
   392 | D:1      | Gained mutation: You are partially covered in sharp spines.
                  | [demonic ancestry]
   392 | D:1      | Reached XP level 2. HP: 15/22 MP: 0/2
  1041 | D:2      | Reached skill level 1 in Armour
  1041 | D:2      | Gained mutation: You are immune to miasma. [demonic
                  | ancestry]
  1041 | D:2      | Reached XP level 3. HP: 24/27 MP: 3/3
  1514 | D:2      | Reached XP level 4. HP: 15/33 MP: 1/4
  2183 | D:3      | Noticed Grinder
  2186 | D:3      | Paralysed by Grinder for 7 turns
  2191 | D:3      | Slain by Grinder

Illustrated notes

Levels and vault maps discovered:
D:1:      lemuel_arrival_muddy, layout_basic
D:2:      layout_basic
D:3:      layout_basic, grunt_temple_overflow_opulence,
          grunt_temple_overflow_open, uniq_grinder

Skill      XL: |  1  2 |
---------------+-------+-----
Axes           | 3 |  3.5
Dodging        | 3 |  3.3
Armour         | 1 |  1.5
Fighting       | |  2.3
Throwing       | |  1.7

Action                   |  1- 3 |  4- 6 || total
-------------------------+-------+-------++-------
Melee: War axe           |    68 |    30 ||    98
  Use: Scroll            |     1 |     1 ||     2
Armor: Ring mail         |    34 |    13 ||    47
       Scale mail        |       |     4 ||     4
Dodge: Dodged            |    58 |    11 ||    69
